 Dungeon Crawl Stone Soup version 0.32-a0-350-g4f4d228785 (webtiles) character file.

Game seed: 1727637671554701741

4 LobsterGuardian the Grave Robber (level 1, -1/13 HPs)
             Began as a Demonspawn Necromancer on Feb 18, 2024.
             Frozen to death by an endoplasm (5 damage)
             ... on level 1 of the Dungeon.
             The game lasted 00:01:06 (171 turns).

LobsterGuardian the Grave Robber (DsNe)              Turns: 171, Time: 00:01:06

Health: -1/13      AC:  2    Str:  8    XL:     1   Next: 50%
Magic:  2/3        EV: 12    Int: 15    God:
Gold:   9          SH:  0    Dex: 13    Spells: 3/4 levels left

rFire   . . .        (no weapon)
rCold   . . .        (no shield)
rNeg    . . .        a - +0 robe
rPois   .            (no helmet)
rElec   .            (no cloak)
rCorr   .            (no gloves)
SInv    .            (no boots)
Will    .....        (no amulet)
Stlth   ++           (no ring)
HPRegen 0.22/turn    (no ring)
MPRegen 0.08/turn

%: no passive effects
@: no status effects
A: no striking features
a: no special abilities


You were on level 1 of the Dungeon.
You visited 1 branch of the dungeon, and saw 1 of its levels.

You collected 9 gold pieces.

Inventory:

Armour
 a - a +0 robe (worn)
Jewellery
 e - a ring of positive energy
Scrolls
 d - 3 scrolls of brand weapon {unknown}
Potions
 b - a potion of magic
 c - a potion of lignification {unknown}


   Skills:
 + Level 1.7 Dodging
 + Level 1.7 Stealth
 + Level 2.0 Spellcasting
 * Level 4.6 Necromancy


You had 3 spell levels left.
You knew the following spells:

 Your Spells              Type           Power      Damage    Failure   Level
a - Necrotise             Necr           60%        1d7       3%          1

Your spell library contained the following spells:

 Spells                   Type           Power      Damage    Failure   Level
 Vampiric Draining        Necr           15%        2d7       10%         3
 Animate Dead             Necr           15%        N/A       32%         4
 Curse of Agony           Necr           15%        N/A       67%         5


Dungeon Overview and Level Annotations

Branches:
Dungeon (1/15)

Altars:


Message History

Aim: a hobgoblin (almost dead, chance to affect: 85%)
The hobgoblin writhes in agony.
You kill the hobgoblin!
The dead are walking!
Unknown command.
Your hobgoblin skeleton crumbles into dust!
c - a viscous clear potion You now have 9 gold pieces.
d - 3 scrolls labelled OTISYS USKAY
e - a ring of positive energy An endoplasm comes into view.
An endoplasm is nearby!
An endoplasm is nearby!
An endoplasm is nearby!
Found a viscous clear potion.
A kobold comes into view. It is wielding a +0 dagger.
Found a scroll labelled CILAYT GAEFIJATU.
The kobold shouts!
The endoplasm quivers.
You see here 6 gold pieces.
Found a stone staircase leading down.
You hit the endoplasm but do no damage. The endoplasm freezes you.
You are frozen.
You hit the endoplasm.
The endoplasm is moderately wounded.
The endoplasm barely misses you.
The endoplasm writhes in agony.
The endoplasm freezes you.
You are frozen.
You are too injured to fight recklessly!
You hit the endoplasm but do no damage.
The endoplasm is heavily wounded.
The endoplasm misses you. The kobold hits you with a +0 dagger.
You hit the endoplasm but do no damage.
The endoplasm is heavily wounded.
The kobold misses you. The endoplasm freezes you.
You are frozen.
You die...

...## ##.....# ....###
#......# #. ...#
###.#.....
######.###.####...##....
#?..............###.....
#..........###..........
#..........# #.####.....
#.......$..# #.# #.....
......J@...# ..# #.....
......K....##.## ##....
>..........##. ##...
#.!........##. ##..
############ ##..#
###..## #...###
#######.### # #........#
#


You could see an endoplasm and a kobold.

Vanquished Creatures
  An endoplasm (D:1)
  A hobgoblin (D:1)
2 creatures vanquished.

Notes
Turn   | Place    | Note
-------+----------+-------------------------------------------
     0 | D:1      | LobsterGuardian the Demonspawn Necromancer began the quest
                  | for the Orb.
     0 | D:1      | Reached XP level 1. HP: 13/13 MP: 3/3
   171 | D:1      | Frozen to death by an endoplasm

Illustrated notes

Levels and vault maps discovered:
D:1:      tarquinn_simple_flora_water_f, layout_rooms,
          shapermc_ecumenical_altar_ellora

Action                     || total
---------------------------++-------
  Melee: Unarmed           ||    27
   Cast: Necrotise         ||     7
   Stab: Sleeping          ||     1
 Armour: Robe              ||    11
  Dodge: Dodged            ||    19

Table legend: (Time is in decaauts)
 A = Elapsed time spent in this place.
 B = Non-inter-level travel time spent in this place.
 C = Inter-level travel time spent in this place.
 D = Time resting spent in this place.
 E = Time spent auto-exploring this place.
 F = Levels seen in this place.
 G = Mean time per level.
                   A        B        C        D        E       F      G
               +--------+--------+--------+--------+--------+-----+--------+
         Total |    171 |    171 |      0 |      0 |    119 |   1 |  171.0 |
       Dungeon |    171 |    171 |      0 |      0 |    119 |   1 |  171.0 |
               +--------+--------+--------+--------+--------+-----+--------+

Top non-repeatable levels by time:
     D:1: 171 daAuts
